 Dungeon Crawl Stone Soup version 0.21.1-1-g345015fe64 (webtiles) character file.

176 Htamos the Skirmisher (level 5, 0/44 HPs)
             Began as a Barachi Fighter on July 14, 2018.
             Slain by a centaur (8 damage)
             ... on level 3 of the Dungeon.
             The game lasted 00:06:42 (3091 turns).

Htamos the Skirmisher (Barachi Fighter)             Turns: 3091, Time: 00:06:42

Health: 0/44       AC:  7    Str: 16 (19) XL:     5   Next: 56%
Magic:  5/5        EV:  8    Int:  7 (8)  God:
Gold:   159        SH:  8    Dex:  8 (11) Spells: 4/4 levels left

rFire    . . .     SeeInvis .   a - +0 long sword
rCold    + . .     Gourm    .   c - +0 shield
rNeg     . . .     Faith    .   u - +1 ring mail {rC+}
rPois    .         Spirit   .   (no helmet)
rElec    .         Reflect  .   l - +0 cloak
rCorr    .         Harm     .   (no gloves)
MR       .....                  (no boots)
Stlth    ..........             (no amulet)
HPRegen  0.14/turn              (no ring)
MPRegen  0.09/turn              (no ring)

@: flying, slow
A: +LOS, swims, slowness 1, strong legs 1
a: Hop


You were on level 3 of the Dungeon.
You were not hungry.

You visited 1 branch of the dungeon, and saw 3 of its levels.

You collected 159 gold pieces.

Inventory:

Hand Weapons
 a - a +0 long sword (weapon)
Missiles
 q - 82 stones (quivered)
Armour
 b - a +0 scale mail
 c - a +0 shield (worn)
 l - a +0 cloak (worn)
 u - a +1 ring mail of cold resistance (worn)
Jewellery
 t - an uncursed ring of positive energy {unknown}
Scrolls
 e - a scroll of identify
 i - 2 scrolls of immolation {unknown}
 j - a scroll of teleportation
 m - 2 scrolls of remove curse
 r - a scroll of enchant weapon {unknown}
 s - a scroll of amnesia {unknown}
Potions
 d - a potion of might
 h - a potion of flight
 k - a potion of resistance {unknown}
 n - a potion of brilliance {unknown}
 o - a potion of degeneration
 p - a potion of magic {unknown}
Comestibles
 f - 3 rations


   Skills:
 - Level 5.5 Fighting
 + Level 5.2 Long Blades
 - Level 3.6 Armour
 - Level 3.2 Shields


You had 4 spell levels left.
You didn't know any spells.

Dungeon Overview and Level Annotations

Branches:
Dungeon (3/15)

Altars:

Annotations:
D:3 lis82's ghost, amateur SpEn


Innate Abilities, Weirdness & Mutations

Shadows flee at your approach. (+LOS)
You can swim through water.
You cover ground slowly.
You can hop short distances.


Message History

The centaur is moderately wounded.
You barely miss the centaur.
The centaur is moderately wounded.
The centaur hits you!
* * * LOW HITPOINT WARNING * * *
The centaur hits you.
* * * LOW HITPOINT WARNING * * *
You barely miss the centaur.
The centaur is moderately wounded.
The centaur hits you.
* * * LOW HITPOINT WARNING * * *
You block the centaur's attack.
It was a potion of flight.
You feel very buoyant.
You fly up into the air.
You block the centaur's attack.
It was a potion of degeneration.
There was something very wrong with that liquid.
You feel weakened.
You feel dopey.
You feel clumsy. The centaur hits you!
You die...

########## #### .........# #.).
.........# #.## .........# #.##
......[..#################...
.....<...................'รท.. #
#............##############...
.#..(.........##############.(.
. .<...........@(...............
#.##.######...c#############.###
.......###..(.######......#.#
#>.....'.....(..c'......#.# #
#......#(.....####.c....#.# #
#....($#......# #......#.# #
#....(.#......# #..W(..#.# #
#...!..##....)# #......#'###
#......##.....# ##'##......#


You could see a centaur.

Vanquished Creatures
  6 gnolls
  4 adders
  A worm (D:2)
  A leopard gecko (D:1)
  9 orcs
  A ball python (D:1)
  6 giant cockroaches
  4 goblins
  7 hobgoblins
  8 jackals
  7 bats
  4 frilled lizards
  5 kobolds
  8 rats
71 creatures vanquished.

Notes
Turn   | Place    | Note
-------+----------+-------------------------------------------
     0 | D:1      | Htamos the Barachi Fighter began the quest for the Orb.
     0 | D:1      | Reached XP level 1. HP: 18/18 MP: 1/1
   297 | D:1      | Reached XP level 2. HP: 23/25 MP: 2/2
  1119 | D:2      | Reached skill level 5 in Fighting
  1119 | D:2      | Reached XP level 3. HP: 18/33 MP: 3/3
  1640 | D:1      | Reached XP level 4. HP: 21/39 MP: 4/4
  2362 | D:2      | Reached XP level 5. HP: 32/44 MP: 5/5
  2727 | D:3      | Reached skill level 5 in Long Blades
  2837 | D:3      | Noticed lis82's ghost (amateur SpEn)
  2839 | D:3      | Noticed a centaur
  3091 | D:3      | Slain by a centaur

Skill      XL: |  1  2  3  4  5 |
---------------+----------------+-----
Fighting       | 4 5 |  5.5
Long Blades    | 3 4 5 |  5.2
Armour         | |  3.6
Shields        | |  3.2

Action                   |  1- 3 |  4- 6 || total
-------------------------+-------+-------++-------
Melee: Long sword        |   118 |   140 ||   258
 Abil: Hop               |     2 |     1 ||     3
  Use: Scroll            |       |     2 ||     2
       Potion            |       |     2 ||     2
  Eat: Chunk             |     2 |     3 ||     5
       Ration            |       |     1 ||     1
Armor: Scale mail        |    47 |    77 ||   124
       Ring mail         |       |    11 ||    11
Dodge: Dodged            |    30 |    70 ||   100
Block: Shield            |    71 |    74 ||   145
       Rpst.: Long sword |     8 |    22 ||    30
